AoeStats
← Gag0

Arena

504046004Analyzed
2v2 RM · 1mo ago on Sep 3, 2026· 20m 36s· 4 players
Game mode
Random Map
Map size
Medium (4 player)
Population
200
Speed
Normal
Resources
Standard
Victory
Conquest
Starting age
Dark Age
Ending age
Imperial Age
RankedLock teamsTeams togetherTeam positionsShared explorationLock speedFull tech treeHidden civsTurbo modeCheats
Victory
Defeat
🇧🇴 Franks · Bolivia
1015
+17
🇧🇴 Spanish · Bolivia
999
+18
🇪🇸 Goths · Spain
1049
-18
🇪🇸 Romans · Spain
1046
-17
SHUN
7:59 Loom
10:12 Feudal Age
12:30 Loom
15:34 Castle Age
18:20 Husbandry
20:10 Scale Barding Armor
OscarNassir
5:08 Loom
9:35 Feudal Age
15:26 Castle Age
20:02 Fletching
Gag0
9:47 Feudal Age
15:00 Castle Age
13:36 Double-Bit Axe
13:33 Horse Collar
15:01 Loom
15:58 Wheelbarrow
16:15 Bow Saw
16:20 Man-at-Arms
17:14 Squires
18:01 Long Swordsman
Ramms
9:16 Feudal Age
14:23 Castle Age
12:16 Double-Bit Axe
12:46 Horse Collar
16:18 Bow Saw
18:02 Loom
18:31 Heavy Plow
18:39 Stone Mining
20:27 Wheelbarrow
19:36 Man-at-Arms
Connection lost

Rejoining the realm…

Still unreachable

The connection could not be restored.

Session expired

The server has moved on; the page needs a fresh start.